[ AOE2 MATCH · #507312326 ]
UnrankedPoles vs Spanish
Player's team · LOSS
Rival team · WIN
[ REPLAY ANALYSIS · EXTRACTED FROM THE RECORDED GAME ]
Feudal
9:15
Castle
23:01
Imperial
—
| APM avg | 26.3 |
| APM peak | 70 |
| eAPM avg | 17.1 |
| Villagers / military | 79 / 74 |
Focus
⚔️ 38.7% · 🌾 61.3%
Scout Cavalry ×26 · Knight ×23 · Obuch ×9 · Battering Ram ×9 · Mangonel ×6 · Spearman ×1
Feudal
9:16
Castle
23:38
Imperial
48:50
| APM avg | 37.8 |
| APM peak | 91 |
| eAPM avg | 24.0 |
| Villagers / military | 182 / 117 |
Focus
⚔️ 36.1% · 🌾 63.9%
Conquistador ×62 · Spearman ×37 · Missionary ×6 · Trebuchet (Packed) ×6 · Petard ×3 · Monk ×2
Match map
Initial resources + every placement click. Lines = walls · curves = elevation contours. ◆ gold · ⬟ stone · ● berries · ✦ relic · ◌ wall gap
Your base· ✓ Closed at 23:01 · 34t walls · 3 gate(s)
Durendal's base· ✓ Closed at 23:38 · 19t walls · 2 gate(s)
Smoothed initial terrain · ◌ = detected wall gap · hover for details
Inputs per minute
— [Los Sanguinarios] Daro087 - - Durendal
Build order — [Los Sanguinarios] Daro087
First 150 of 259 actions detected
| 0:00 | Queue | Villager (Male) |
| 0:00 | Queue | Villager (Male) |
| 0:00 | Queue | Villager (Male) |
| 0:01 | Queue | Villager (Male) |
| 0:02 | Build | House |
| 0:04 | Build | House |
| 0:22 | Build | House |
| 1:18 | Queue | Villager (Male) |
| 1:44 | Build | Lumber Camp |
| 1:51 | Queue | Villager (Male) |
| 2:27 | Queue | Villager (Male) |
| 2:28 | Queue | Villager (Male) |
| 2:48 | Queue | Villager (Male) |
| 3:14 | Queue | Villager (Male) |
| 3:53 | Queue | Villager (Male) |
| 4:32 | Queue | Villager (Male) |
| 4:32 | Queue | Villager (Male) |
| 4:33 | Queue | Villager (Male) |
| 4:58 | Build | Mill |
| 5:13 | Queue | Villager (Male) |
| 5:55 | Build | Mining Camp |
| 6:04 | Queue | Villager (Male) |
| 6:20 | Research | Loom |
| 7:00 | Build | House |
| 7:04 | Research | Feudal Age |
| 7:44 | Build | Palisade Wall |
| 7:53 | Queue | Villager (Male) |
| 8:27 | Build | House |
| 8:33 | Queue | Villager (Male) |
| 8:33 | Queue | Villager (Male) |
| 8:55 | Build | House |
| 8:59 | Queue | Villager (Male) |
| 9:15 | Age | Feudal Age |
| 9:18 | Build | Watch Tower |
| 9:28 | Queue | Villager (Male) |
| 9:28 | Queue | Villager (Male) |
| 9:33 | Research | Town Watch |
| 9:34 | Research | Double-Bit Axe |
| 9:35 | Research | Horse Collar |
| 9:54 | Queue | Villager (Male) |
| 10:17 | Queue | Villager (Male) |
| 10:27 | Build | Blacksmith |
| 10:50 | Queue | Villager (Male) |
| 11:05 | Queue | Villager (Male) |
| 11:20 | Build | House |
| 11:28 | Research | Fletching |
| 11:58 | Build | Watch Tower |
| 12:28 | Queue | Villager (Male) |
| 12:28 | Queue | Villager (Male) |
| 12:56 | Build | Farm |
| 12:58 | Build | Farm |
| 13:03 | Build | Farm |
| 13:32 | Queue | Villager (Male) |
| 13:32 | Queue | Villager (Male) |
| 13:53 | Build | Watch Tower |
| 14:30 | Build | Watch Tower |
| 14:31 | Queue | Villager (Male) |
| 14:31 | Queue | Villager (Male) |
| 14:31 | Queue | Villager (Male) |
| 14:32 | Build | Farm |
| 14:35 | Build | Farm |
| 15:14 | Queue | Villager (Male) |
| 15:14 | Queue | Villager (Male) |
| 15:16 | Build | Farm |
| 15:22 | Build | Mill |
| 15:25 | Queue | Villager (Male) |
| 16:00 | Build | House |
| 16:04 | Queue | Villager (Male) |
| 16:06 | Build | Farm |
| 16:17 | Build | Barracks |
| 16:18 | Queue | Villager (Male) |
| 16:36 | Build | Outpost |
| 16:43 | Build | Farm |
| 16:44 | Queue | Villager (Male) |
| 16:44 | Queue | Villager (Male) |
| 17:01 | Build | Watch Tower |
| 17:19 | Queue | Villager (Male) |
| 17:21 | Build | Farm |
| 17:32 | Queue | Villager (Male) |
| 17:48 | Queue | Villager (Male) |
| 17:50 | Build | Farm |
| 18:18 | Build | Farm |
| 18:20 | Queue | Villager (Male) |
| 18:21 | Queue | Villager (Male) |
| 18:44 | Queue | Villager (Male) |
| 18:51 | Queue | Villager (Male) |
| 19:04 | Queue | Spearman |
| 19:13 | Build | Stable |
| 19:23 | Queue | Villager (Male) |
| 19:32 | Build | Stone Wall |
| 19:35 | Build | Farm |
| 19:40 | Queue | Villager (Male) |
| 20:16 | Build | Farm |
| 20:19 | Research | Castle Age |
| 20:25 | Build | Farm |
| 20:32 | Build | Mining Camp |
| 20:36 | Queue | Scout Cavalry |
| 20:36 | Queue | Scout Cavalry |
| 20:47 | Build | Stone Wall |
| 21:08 | Queue | Scout Cavalry |
| 21:13 | Research | Scale Barding Armor |
| 21:34 | Research | Bloodlines |
| 22:01 | Build | Gate |
| 22:15 | Queue | Scout Cavalry |
| 22:16 | Queue | Scout Cavalry |
| 22:30 | Build | Watch Tower |
| 22:39 | Queue | Villager (Male) |
| 23:01 | Age | Castle Age |
| 23:03 | Build | Siege Workshop |
| 23:04 | Research | Light Cavalry (upgrade) |
| 23:05 | Research | Husbandry |
| 23:28 | Queue | Scout Cavalry |
| 23:29 | Queue | Scout Cavalry |
| 23:33 | Queue | Mangonel |
| 23:34 | Queue | Mangonel |
| 23:38 | Queue | Villager (Male) |
| 23:56 | Queue | Villager (Male) |
| 23:56 | Queue | Villager (Male) |
| 24:14 | Build | Mining Camp |
| 24:37 | Queue | Scout Cavalry |
| 25:27 | Queue | Mangonel |
| 25:35 | Queue | Mangonel |
| 26:51 | Queue | Scout Cavalry |
| 26:51 | Queue | Scout Cavalry |
| 26:58 | Build | Market |
| 27:19 | Queue | Mangonel |
| 27:20 | Queue | Scout Cavalry |
| 27:20 | Queue | Scout Cavalry |
| 27:39 | Build | Castle |
| 27:42 | Build | House |
| 27:43 | Build | House |
| 27:49 | Queue | Scout Cavalry |
| 27:49 | Queue | Scout Cavalry |
| 28:05 | Build | Stone Wall |
| 28:08 | Queue | Villager (Male) |
| 28:09 | Queue | Villager (Male) |
| 28:35 | Queue | Scout Cavalry |
| 28:46 | Build | House |
| 28:47 | Build | House |
| 28:49 | Build | House |
| 28:52 | Build | Farm |
| 29:10 | Queue | Battering Ram |
| 29:31 | Research | Bodkin Arrow |
| 30:07 | Build | Town Center |
| 30:09 | Queue | Villager (Male) |
| 30:09 | Queue | Villager (Male) |
| 30:20 | Queue | Villager (Male) |
| 30:32 | Queue | Scout Cavalry |
| 30:51 | Build | Farm |
| 31:11 | Queue | Villager (Male) |
Build order — Durendal
First 150 of 537 actions detected
| 0:00 | Queue | Villager (Male) |
| 0:02 | Build | House |
| 0:02 | Build | House |
| 0:04 | Queue | Villager (Male) |
| 0:18 | Queue | Villager (Male) |
| 0:22 | Queue | Villager (Male) |
| 1:18 | Queue | Villager (Male) |
| 1:38 | Queue | Villager (Male) |
| 1:58 | Build | Lumber Camp |
| 2:01 | Queue | Villager (Male) |
| 2:17 | Queue | Villager (Male) |
| 2:41 | Queue | Villager (Male) |
| 3:02 | Queue | Villager (Male) |
| 3:23 | Build | House |
| 3:24 | Queue | Villager (Male) |
| 3:24 | Queue | Villager (Male) |
| 3:59 | Queue | Villager (Male) |
| 4:16 | Build | Mill |
| 4:16 | Queue | Villager (Male) |
| 4:26 | Queue | Villager (Male) |
| 4:43 | Queue | Villager (Male) |
| 4:52 | Queue | Villager (Male) |
| 5:19 | Queue | Villager (Male) |
| 5:26 | Build | House |
| 5:43 | Queue | Villager (Male) |
| 6:08 | Queue | Villager (Male) |
| 7:02 | Research | Feudal Age |
| 7:12 | Queue | Villager (Male) |
| 7:48 | Build | House |
| 8:02 | Build | Barracks |
| 9:16 | Age | Feudal Age |
| 9:24 | Build | Watch Tower |
| 9:25 | Queue | Villager (Male) |
| 9:27 | Build | House |
| 9:29 | Build | House |
| 9:31 | Research | Double-Bit Axe |
| 9:32 | Queue | Villager (Male) |
| 9:43 | Build | Mining Camp |
| 9:43 | Queue | Villager (Male) |
| 9:47 | Build | House |
| 9:58 | Queue | Villager (Male) |
| 10:04 | Queue | Villager (Male) |
| 10:24 | Build | Blacksmith |
| 10:24 | Queue | Villager (Male) |
| 10:34 | Build | Palisade Wall |
| 10:35 | Build | Palisade Wall |
| 10:36 | Build | Palisade Wall |
| 10:40 | Build | Palisade Wall |
| 10:41 | Build | Palisade Wall |
| 10:41 | Build | Palisade Wall |
| 10:44 | Build | Palisade Wall |
| 10:45 | Build | Palisade Wall |
| 10:45 | Build | Palisade Wall |
| 10:46 | Build | Palisade Wall |
| 10:51 | Queue | Villager (Male) |
| 11:04 | Research | Fletching |
| 11:09 | Build | Palisade Wall |
| 11:23 | Build | Mining Camp |
| 11:23 | Queue | Villager (Male) |
| 11:45 | Queue | Villager (Male) |
| 12:01 | Build | Stone Wall |
| 12:04 | Build | Watch Tower |
| 12:05 | Queue | Villager (Male) |
| 12:15 | Build | Farm |
| 12:17 | Build | Farm |
| 12:17 | Queue | Villager (Male) |
| 12:38 | Queue | Villager (Male) |
| 12:53 | Build | Market |
| 13:30 | Queue | Villager (Male) |
| 13:59 | Queue | Villager (Male) |
| 14:16 | Build | Watch Tower |
| 14:17 | Queue | Villager (Male) |
| 14:18 | Queue | Villager (Male) |
| 14:27 | Build | Watch Tower |
| 15:21 | Build | Watch Tower |
| 15:23 | Build | Mining Camp |
| 15:41 | Build | Mining Camp |
| 16:06 | Build | Farm |
| 16:07 | Queue | Villager (Male) |
| 16:13 | Build | House |
| 16:15 | Build | Palisade Wall |
| 16:19 | Queue | Villager (Male) |
| 16:40 | Build | Stone Wall |
| 16:41 | Build | Stone Wall |
| 16:52 | Build | Farm |
| 17:09 | Build | Watch Tower |
| 17:09 | Queue | Villager (Male) |
| 17:10 | Queue | Villager (Male) |
| 17:10 | Queue | Villager (Male) |
| 17:13 | Build | Watch Tower |
| 17:42 | Build | Farm |
| 17:43 | Build | Farm |
| 17:54 | Build | Farm |
| 17:56 | Build | Farm |
| 17:59 | Queue | Villager (Male) |
| 18:23 | Queue | Villager (Male) |
| 18:24 | Queue | Villager (Male) |
| 18:25 | Build | Farm |
| 18:46 | Queue | Villager (Male) |
| 19:07 | Build | Farm |
| 19:08 | Build | Farm |
| 19:08 | Queue | Villager (Male) |
| 19:16 | Build | Lumber Camp |
| 19:17 | Queue | Villager (Male) |
| 19:26 | Build | Farm |
| 19:27 | Queue | Villager (Male) |
| 19:47 | Build | Outpost |
| 19:47 | Queue | Villager (Male) |
| 19:52 | Build | House |
| 20:12 | Build | Farm |
| 20:58 | Research | Castle Age |
| 21:02 | Build | Outpost |
| 21:03 | Build | Outpost |
| 21:04 | Queue | Villager (Male) |
| 21:28 | Research | Loom |
| 21:29 | Research | Loom |
| 21:31 | Queue | Villager (Male) |
| 21:46 | Research | Horse Collar |
| 21:59 | Queue | Villager (Male) |
| 22:17 | Build | House |
| 22:39 | Research | Stone Mining |
| 22:55 | Research | Gold Mining |
| 23:16 | Build | Lumber Camp |
| 23:38 | Age | Castle Age |
| 23:40 | Research | Town Watch |
| 23:45 | Queue | Villager (Male) |
| 24:31 | Build | Castle |
| 24:32 | Build | Mining Camp |
| 24:35 | Research | Padded Archer Armor |
| 24:44 | Research | Bodkin Arrow |
| 24:45 | Queue | Villager (Male) |
| 25:04 | Build | Palisade Wall |
| 25:11 | Build | Palisade Wall |
| 25:18 | Queue | Villager (Male) |
| 25:23 | Queue | Villager (Male) |
| 25:28 | Build | Palisade Wall |
| 25:30 | Build | Palisade Wall |
| 25:32 | Build | Palisade Wall |
| 25:36 | Queue | Villager (Male) |
| 25:39 | Queue | Conquistador |
| 25:39 | Queue | Conquistador |
| 25:42 | Queue | Conquistador |
| 25:48 | Queue | Villager (Male) |
| 25:54 | Queue | Spearman |
| 25:54 | Queue | Spearman |
| 25:54 | Queue | Villager (Male) |
| 26:45 | Queue | Conquistador |
| 26:46 | Queue | Conquistador |
| 26:46 | Queue | Villager (Male) |
| 26:52 | Build | House |
Match timeline
| 7:44 | [Los Sanguinarios] Daro087 · wall_segment Palisade Wall x1 |
| 8:02 | Durendal · first_building Barracks |
| 9:15 | [Los Sanguinarios] Daro087 · age_up feudal |
| 9:16 | Durendal · age_up feudal |
| 10:34 | Durendal · wall_segment Palisade Wall x1 |
| 10:35 | Durendal · wall_segment Palisade Wall x1 |
| 10:36 | Durendal · wall_segment Palisade Wall x2 |
| 10:40 | Durendal · wall_segment Palisade Wall x1 |
| 10:41 | Durendal · wall_segment Palisade Wall x1 |
| 10:41 | Durendal · wall_segment Palisade Wall x1 |
| 10:44 | Durendal · wall_segment Palisade Wall x1 |
| 10:45 | Durendal · wall_segment Palisade Wall x1 |
| 10:45 | Durendal · wall_segment Palisade Wall x1 |
| 10:46 | Durendal · wall_segment Palisade Wall x1 |
| 11:09 | Durendal · wall_segment Palisade Wall x1 |
| 12:01 | Durendal · wall_segment Stone Wall x1 |
| 14:10 | Durendal · first_market_buy 100 stone |
| 14:24 | Durendal · first_market_sell 100 wood |
| 16:15 | Durendal · wall_segment Palisade Wall x5 |
| 16:17 | [Los Sanguinarios] Daro087 · first_building Barracks |
| 16:40 | Durendal · wall_segment Stone Wall x1 |
| 16:41 | Durendal · wall_segment Stone Wall x1 |
| 19:13 | [Los Sanguinarios] Daro087 · first_building Stable |
| 19:32 | [Los Sanguinarios] Daro087 · wall_segment Stone Wall x22 |
| 20:47 | [Los Sanguinarios] Daro087 · wall_segment Stone Wall x11 |
| 23:01 | [Los Sanguinarios] Daro087 · age_up castle |
| 23:03 | [Los Sanguinarios] Daro087 · first_building Siege Workshop |
| 23:38 | Durendal · age_up castle |
| 24:31 | Durendal · first_building Castle |
| 25:04 | Durendal · wall_segment Palisade Wall x1 |
| 25:11 | Durendal · wall_segment Palisade Wall x1 |
| 25:28 | Durendal · wall_segment Palisade Wall x1 |
| 25:30 | Durendal · wall_segment Palisade Wall x1 |
| 25:32 | Durendal · wall_segment Palisade Wall x1 |
| 26:56 | Durendal · wall_segment Palisade Wall x1 |
| 26:57 | Durendal · wall_segment Palisade Wall x1 |
| 27:34 | [Los Sanguinarios] Daro087 · first_market_buy 100 stone |
| 27:39 | [Los Sanguinarios] Daro087 · first_building Castle |
| 28:05 | [Los Sanguinarios] Daro087 · wall_segment Stone Wall x5 |
| 30:02 | [Los Sanguinarios] Daro087 · first_market_sell 100 food |
| 31:00 | Durendal · first_building Monastery |
| 33:26 | [Los Sanguinarios] Daro087 · wall_segment Stone Wall x1 |
| 37:26 | Durendal · wall_segment Stone Wall x1 |
| 42:14 | Durendal · wall_segment Stone Wall x23 |
| 43:45 | Durendal · first_building Siege Workshop |
| 45:25 | [Los Sanguinarios] Daro087 · wall_segment Stone Wall x4 |
| 45:38 | [Los Sanguinarios] Daro087 · wall_segment Stone Wall x1 |
| 46:25 | Durendal · first_building Stable |
| 48:50 | Durendal · age_up imperial |
| 51:44 | [Los Sanguinarios] Daro087 · resign |
[ AI ANALYSIS · 1 CREDIT ]
What really happened in this match?
Wolo.gg analyzes every decision: build order, eco, micro, common mistakes by bracket. Personalized analysis on WhatsApp or Discord in 30 seconds.
Civ guide
Poles
Perfil
Jugador #4719124